 Dungeon Crawl Stone Soup version 0.25-a0-366-g516bc45ae0 (webtiles) character file.

Game seed: 8748619654580505269, levelgen mode: deterministic

4944 kipponium the Grappler (level 10, -24/84 HPs)
             Began as a Naga Transmuter on Jan 6, 2020.
             Was a High Priest of Cheibriados.
             Annihilated by an orc knight
             ... wielding a +0 trident
              (26 damage)
             ... in a bailey.
             The game lasted 00:53:33 (12424 turns).

kipponium the Grappler (Naga Transmuter)           Turns: 12424, Time: 00:53:34

Health: -24/84     AC:  4    Str: 31    XL:     10   Next: 52%
Magic:  9/13       EV: 14    Int: 30    God:    Cheibriados [*****.]
Gold:   480        SH:  0    Dex: 24    Spells: 2/13 levels left

rFire    + . .     SeeInvis +     - Unarmed
rCold    . . .     Gourm    .   (no shield)
rNeg     . . .     Faith    .   l - +0 leather armour "Eqadeesk" {*Corrode Str+4 Int+4 Slay+3} (curse)
rPois    +         Spirit   .   (no helmet)
rElec    .         Reflect  .   (no cloak)
rCorr    .         Harm     .   (no gloves)
MR       +....                  (no barding)
Stlth    +++.......             (no amulet)
HPRegen  0.24/turn              r - ring of protection from fire
MPRegen  0.13/turn              x - +2 ring of evasion

@: very slow
A: large, see invisible, deformed body, poison resistance, slowness 2, slow
metabolism 1, spit poison 1, AC +3
a: Spit Poison, Bend Time, Temporal Distortion, Slouch, Step From Time, Renounce
Religion


You were in a bailey.
You worshipped Cheibriados.
Cheibriados was extremely pleased with you.
You were not hungry.

You visited 2 branches of the dungeon, and saw 11 of its levels.
You also visited: Bailey.

You collected 690 gold pieces.
You spent 210 gold pieces at shops.

Inventory:

Missiles
 a - 163 arrows
 u - 31 bolts
Armour
 b - a +0 robe
 l - the cursed +0 leather armour "Eqadeesk" (worn) {*Corrode Str+4 Int+4 Slay+3}
   (You bought it in a shop on level 5 of the Dungeon)

   It affects your strength (+4).
   It affects your intelligence (+4).
   It affects your accuracy and damage with ranged weapons and melee attacks
   (+3).
   It may corrode you when you take damage.
   It has a curse placed upon it.
 n - a +3 leather armour of poison resistance
 A - the cursed +0 ring mail "Jaesafre" {rElec Int+10 Dex-4 Stlth+}
   (You took it off an orc on level 6 of the Dungeon)

   It affects your intelligence (+10).
   It affects your dexterity (-4).
   It insulates you from electricity.
   It makes you more stealthy.
   It has a curse placed upon it.
Jewellery
 r - a ring of protection from fire (left hand)
 x - a +2 ring of evasion (right hand)
Wands
 E - a wand of polymorph (4)
Scrolls
 m - 6 scrolls of remove curse
 p - 2 scrolls of enchant armour
 q - 4 scrolls of teleportation
Potions
 c - 4 potions of haste {unknown}
 e - 3 potions of brilliance
 f - 7 potions of curing
 h - a potion of ambrosia {unknown}
 i - a potion of magic
 j - 2 potions of invisibility
 s - 3 potions of might
 t - 2 potions of cancellation
 F - 2 potions of mutation
Comestibles
 d - 18 rations


   Skills:
 + Level 3.5 Fighting
 + Level 3.5 Dodging
 + Level 4.5 Stealth
 - Level 10.0 Unarmed Combat
 - Level 2.0 Spellcasting
 - Level 10.0 Transmutations
 - Level 3.0 Poison Magic
 - Level 0.4 Evocations


You had 2 spell levels left.
You knew the following spells:

 Your Spells              Type           Power        Failure   Level  Hunger
a - Beastly Appendage     Tmut           ######       1%          1    None
b - Sticks to Snakes      Tmut           ######..     1%          2    ##.....
c - Spider Form           Tmut/Pois      #####.....   1%          3    ###....
d - Blade Hands           Tmut           ######....   3%          5    ######.

Your spell library contained the following spells:

 Spells                   Type           Power        Failure   Level  Hunger
 Corona                   Hex            #......      9%          1    None
 Slow                     Hex            #.......     13%         2    ##.....
 Ice Form                 Ice/Tmut       ####....     11%         4    ####...
 Inner Flame              Hex/Fire       #.......     26%         3    ###....
 Portal Projectile        Hex/Tloc       #.....       26%         3    ###....
 Cause Fear               Hex            #.........   65%         4    ####...
 Leda's Liquefaction      Hex/Erth       #.........   65%         4    ####...


Dungeon Overview and Level Annotations

Branches:
Dungeon (10/15)            Temple (1/1) D:5          Bailey (1/1)
   Lair: D:8-11         Orc: D:9-12

Altars:
Ashenzari
Cheibriados
Dithmenos
Fedhas
Gozag
Hepliaklqana
Makhleb
Nemelex Xobeh
Okawaru
Qazlal
Ru
Sif Muna
Trog
Uskayaw
Vehumet
Wu Jian
Xom
Yredelemnul
Zin
The Shining One

Shops:
D:5 [   D:8 [   D:10 ?

Annotations:
D:5 glowing steam dragon


Innate Abilities, Weirdness & Mutations

You cannot wear boots.
Your serpentine skin is tough. (AC +3)
You have supernaturally acute eyesight. (SInv)
Armour fits poorly on your strangely shaped body.
Your system is resistant to poisons. (rPois)
You cover ground very slowly.
You have a slow metabolism.
You can spit poison.


Message History

The orc knight hits you from afar with a +0 trident!
* * * LOW HITPOINT WARNING * * *
Your adder bites the orc knight.
The orc knight looks even sicker.
Your adder poisons the orc knight!
The orc knight hits you from afar with a +0 trident.
* * * LOW HITPOINT WARNING * * *
Your adder bites the orc knight but does no damage.
You have got your breath back.
Your adder misses the orc knight.
The orc knight hits your adder with a +0 trident!
Your adder dies!
The orc knight barely misses you.
Okay, then.
You fail to use your ability.
The orc knight hits you from afar with a +0 trident!
* * * LOW HITPOINT WARNING * * *
You fail to use your ability.
The orc knight barely misses you.
You fail to use your ability.
The orc knight hits you from afar with a +0 trident!!
You die...

≈≈≈≈§§≈..'#...##).≈.#
≈.....§§o.##.##.)≈≈.#
§..⌠...≈≈..#+#..≈≈.##
§.⌠∩⌠.s≈≈..# #..≈≈.∩#
§..))m≈≈..# ##.)≈≈.#
≈§§≈≈≈≈..# ##..≈.#
..§§§...# ##)≈.#
###'###'#########.≈.#
#.....##..)...o.@.≈.#
##.∩.##..≈≈≈≈≈≈≈≈≈≈.#
.## ##.)≈≈..........#
..###..≈≈..##########
≈.))..≈≈..##
≈≈≈≈≈≈≈..##
........## #########


You could see an orc knight.

Vanquished Creatures
  Grinder (D:6)
  Prince Ribbit (D:6)
  A hippogriff (D:9)
  Sigmund (D:4)
  A hungry ghost (D:8)
  Edmund (D:3)
  Menkaure (D:5)
  3 orc warriors
  A necrophage (D:7)
  4 sky beasts
  5 ogres
  2 phantoms
  3 centaurs
  A gnoll sergeant (D:7)
  4 bullfrogs
  A scorpion (D:9)
  A wyvern skeleton (D:6)
  5 wights
  3 crimson imps
  A bullfrog zombie (D:9)
  A centaur zombie (D:9)
  10 hounds
  A jelly (D:9)
  A bullfrog skeleton (D:8)
  9 orc wizards
  6 iguanas
  9 worker ants
  A killer bee zombie (D:9)
  A howler monkey zombie (D:8)
  3 worker ant zombies (D:10)
  A howler monkey skeleton (D:8)
  12 adders
  15 gnolls
  4 shadow imps
  2 adder skeletons
  2 dart slugs
  3 worms
  5 leopard geckos
  45 orcs
  4 ball pythons
  3 giant cockroaches
  5 goblins
  9 hobgoblins
  12 jackals
  9 quokkas
  12 bats
  10 frilled lizards
  4 kobolds
  A leopard gecko skeleton (D:4)
  11 rats
  A butterfly (D:5)
253 creatures vanquished.

Vanquished Creatures (collateral kills)
  An adder (D:5)
1 creature vanquished.

Grand Total: 254 creatures vanquished

Notes
Turn   | Place    | Note
-------+----------+-------------------------------------------
     0 | D:1      | kipponium the Naga Transmuter began the quest for the Orb.
     0 | D:1      | Reached XP level 1. HP: 18/18 MP: 3/3
   239 | D:1      | Reached XP level 2. HP: 25/25 MP: 3/5
  1070 | D:1      | Reached XP level 3. HP: 31/31 MP: 6/6
  1662 | D:2      | Learned a level 2 spell: Sticks to Snakes
  1848 | D:2      | Reached XP level 4. HP: 23/38 MP: 5/7
  2037 | D:2      | Found a shimmering blue altar of Sif Muna.
  2289 | D:2      | Learned a level 3 spell: Spider Form
  2872 | D:3      | Found a shattered altar of Ashenzari.
  3104 | D:3      | Reached skill level 1 in Poison Magic
  3130 | D:3      | Reached XP level 5. HP: 38/44 MP: 6/8
  3289 | D:3      | Found an ornate altar of the Wu Jian Council.
  3295 | D:3      | Found a glowing silver altar of Zin.
  3298 | D:3      | Found a stormy altar of Qazlal.
  3594 | D:3      | Found an opulent altar of Gozag.
  3982 | D:4      | Noticed Edmund
  4023 | D:3      | Killed Edmund
  4023 | D:3      | Reached skill level 5 in Unarmed Combat
  4023 | D:3      | Reached XP level 6. HP: 25/51 MP: 3/9
  4236 | D:4      | Found a bloodstained altar of Trog.
  4271 | D:4      | Noticed Sigmund
  4305 | D:4      | Killed Sigmund
  4305 | D:4      | Reached skill level 5 in Transmutations
  4385 | D:4      | Reached XP level 7. HP: 29/57 MP: 8/10
  4870 | D:4      | Found a glowing golden altar of the Shining One.
  5122 | D:5      | Entered Level 5 of the Dungeon
  5398 | D:5      | Found a staircase to the Ecumenical Temple.
  5407 | Temple   | Entered the Ecumenical Temple
  5428 | Temple   | Became a worshipper of Cheibriados the Contemplative
  5557 | D:5      | Noticed Menkaure
  6154 | D:5      | Killed Menkaure
  6154 | D:5      | Reached * piety under Cheibriados
  6154 | D:5      | Reached XP level 8. HP: 56/64 MP: 9/11
  6418 | D:5      | Found a shimmering altar of Xom.
  6485 | D:5      | Found Ponug's Antique Armour Emporium.
  6488 | D:5      | Bought a slimy leather armour for 154 gold pieces
  6498 | D:5      | Identified the cursed +0 leather armour "Eqadeesk"
                  | {*Corrode Str+4 Int+4 Slay+3} (You bought it in a shop on
                  | level 5 of the Dungeon)
  6938 | D:6      | Noticed Grinder
  6948 | D:6      | Killed Grinder
  7022 | D:6      | Noticed Prince Ribbit
  7162 | D:6      | Killed Prince Ribbit
  7162 | D:6      | Reached XP level 9. HP: 44/70 MP: 12/12
  7397 | D:6      | Reached ** piety under Cheibriados
  7463 | D:6      | Identified the cursed +0 ring mail "Jaesafre" {rElec Int+10
                  | Dex-4 Stlth+}
  7560 | D:6      | Learned a level 5 spell: Blade Hands
  7911 | D:6      | Reached *** piety under Cheibriados
  8799 | D:7      | Reached skill level 10 in Unarmed Combat
  8922 | D:7      | Found a hazy altar of Hepliaklqana.
  9607 | D:8      | Reached **** piety under Cheibriados
  9618 | D:8      | Reached XP level 10. HP: 63/78 MP: 11/13
  9739 | D:8      | Reached skill level 10 in Transmutations
  9855 | D:8      | Reached skill level 1 in Stealth
 10023 | D:8      | Found Zyfuot's Armour Shoppe.
 10471 | D:9      | Reached ***** piety under Cheibriados
 11406 | D:10     | Entered Level 10 of the Dungeon
 11667 | D:10     | Found Idiekhos's Magic Scroll Boutique.
 11673 | D:10     | Bought a scroll of magic mapping for 56 gold pieces
 11730 | D:10     | Found a flagged portal.
 11754 | Bailey   | Entered a bailey
 12003 | Bailey   | Noticed an orc knight
 12003 | Bailey   | Noticed an orc knight
 12007 | Bailey   | Noticed an orc knight
 12010 | Bailey   | an orc knight changed into a swamp worm
 12269 | Bailey   | Noticed an orc knight
 12361 | Bailey   | Noticed a cyclops
 12361 | Bailey   | an orc knight changed into a cyclops
 12377 | Bailey   | an orc knight changed into a redback
 12422 | Bailey   | HP: 2/84 [orc knight/+0 trident (11)]
 12424 | Bailey   | Annihilated by an orc knight

Levels and vault maps discovered:
D:1:      onia_arrival_mini_maze_b, layout_rooms, serial_forest,
          infiniplex_forest_clump_curved, infiniplex_forest_end_2,
          infiniplex_forest_clump_double, infiniplex_forest_straight_1,
          infiniplex_forest_lined_2, infiniplex_forest_clump_small,
          infiniplex_forest_straight_4, infiniplex_forest_straight_2,
          infiniplex_forest_end_2
D:2:      layout_basic, led_sif_pool
D:3:      layout_rooms, nicolae_ashenzari_panopticon, minitemple,
          lemuel_coloured_pillars_altar, minmay_misc_feat_roman
D:4:      layout_basic, lemuel_round_altar, lemuel_doored_altar, first_ration,
          uniq_sigmund, uniq_edmund
D:5:      layout_cave_pods, xom_butterflies, minmay_temple_entry_wispy,
          serial_shops, kennysheep_mini, cheibrodos_sewer_entry_drain,
          uniq_menkaure
D:6:      minmay_octagon_keep, layout_basic, uniq_grinder, uniq_prince_ribbit1
D:7:      layout_cave_pods, marbit_many_paths
D:8:      layout_rooms, serial_shops, kennysheep_little_box, interstate_on_off
D:9:      layout_long_grid
D:10:     layout_loops_cross, serial_shops, shop, enter_bailey_2
Temple:   nicolae_temple_x_marks_the_god
Bailey:   bailey_polearm_1, bailey

Skill      XL: |  1  2  3  4  5  6  7  8  9 10 |
---------------+-------------------------------+-----
Unarmed Combat | 4 5 6 8 10 | 10.0
Transmutations | 3 4 5 6 8 9 10 | 10.0
Poison Magic   | 1 2 3 |  3.0
Stealth        | 4 |  4.5
Dodging        | 3 |  3.5
Fighting       | 3 |  3.5
Spellcasting   | |  2.0
Evocations     | |  0.4

Action                   |  1- 3 |  4- 6 |  7- 9 | 10-12 || total
-------------------------+-------+-------+-------+-------++-------
Melee: Unarmed           |    60 |    77 |   264 |   126 ||   527
       Headbutt          |     7 |    10 |    48 |    46 ||   111
       Punch             |       |       |     7 |     9 ||    16
 Cast: Beastly Appendage |    26 |    25 |    51 |    27 ||   129
       Sticks to Snakes  |       |     6 |     2 |     3 ||    11
       Spider Form       |       |       |     1 |       ||     1
 Abil: Spit Poison       |    39 |    48 |    80 |    51 ||   218
Evoke: Wand              |       |       |    19 |    14 ||    33
  Use: Potion            |       |     1 |       |     2 ||     3
       Scroll            |       |       |    13 |    12 ||    25
 Stab: Distracted        |       |       |       |     2 ||     2
  Eat: Chunk             |     5 |    10 |    17 |    10 ||    42
Armor: Robe              |     2 |       |       |       ||     2
       Leather armour    |    17 |    18 |    76 |    25 ||   136
       Skin              |       |       |     2 |       ||     2
Dodge: Dodged            |    30 |    51 |   111 |    96 ||   288

Table legend:
 A = Non-vault XP
 B = Vault XP
 C = Vault XP percentage of total XP
 D = Non-vault monster count
 E = Vault monster count
 F = Vault count percentage of total count
                 A         B        C        D         E       F
            +---------+---------+-------+---------+---------+-------
      Total |    5221 |    1843 |  26.1 |     220 |      33 |  13.0
            +---------+---------+-------+---------+---------+-------
        D:1 |      34 |       0 |   0.0 |      19 |       0 |   0.0
        D:2 |      67 |       0 |   0.0 |      27 |       0 |   0.0
        D:3 |      93 |     145 |  60.9 |      22 |       1 |   4.3
        D:4 |     242 |     219 |  47.5 |      13 |       1 |   7.1
        D:5 |     673 |     160 |  19.2 |      28 |       3 |   9.7
        D:6 |     847 |    1017 |  54.6 |      31 |      11 |  26.2
        D:7 |     596 |     128 |  17.7 |      19 |       1 |   5.0
        D:8 |     866 |       0 |   0.0 |      24 |       0 |   0.0
        D:9 |    1448 |       0 |   0.0 |      28 |       0 |   0.0
       D:10 |     355 |       0 |   0.0 |       9 |       0 |   0.0
     Bailey |       0 |     174 | 100.0 |       0 |      16 | 100.0
            +---------+---------+-------+---------+---------+-------
